 Dungeon Crawl Stone Soup version 0.29-a0-925-g0a7a3d12f8 (webtiles) character file.

Game seed: 11434667286858058664

562 omnesmortales the Cleaver (level 7, -4/64 HPs)
             Began as a Hill Orc Berserker on July 29, 2022.
             Was a Believer of Trog.
             Slain by an orc warrior
             ... wielding a +0 mace
              (10 damage)
             ... on level 4 of the Dungeon.
             The game lasted 00:19:27 (4711 turns).

omnesmortales the Cleaver (Hill Orc Berserker)      Turns: 4711, Time: 00:19:27

Health: -4/64      AC:  5    Str: 22    XL:     7   Next: 32%
Magic:  7/7        EV: 11    Int:  7    God:    Trog [**....]
Gold:   119        SH:  0    Dex: 10    Spells: 6/6 levels left

rFire   + . .      SeeInvis .   a - +2 hand axe
rCold   + . .      Faith    .   (no shield)
rNeg    . . .      Spirit   .   e - +0 leather armour
rPois   .          Reflect  .   (no helmet)
rElec   .          Harm     .   t - scarf {rC+ rF+}
rCorr   .          Rampage  .   j - +1 pair of gloves
Will    .....                   (no boots)
Stlth   +.........              (no amulet)
HPRegen 0.20/turn               (no ring)
MPRegen 0.10/turn               (no ring)

@: on berserk cooldown, slowed, very slow
A: no striking features
a: Renounce Religion, Berserk, Trog's Hand


You were on level 4 of the Dungeon.
You worshipped Trog.
Trog was pleased with you.
You visited 1 branch of the dungeon, and saw 4 of its levels.
You also visited: Sewer.

You collected 119 gold pieces.

Inventory:

Hand Weapons
 a - a +2 hand axe (weapon)
 f - a +0 flail
Armour
 b - a +0 animal skin
 e - a +0 leather armour (worn)
 j - a +1 pair of gloves (worn)
 m - a +0 chain mail
 t - a scarf of resistance (worn)
Magical Staves
 d - a staff of poison
Jewellery
 l - an amulet of reflection
 s - a ring of protection from fire
 u - an amulet of faith
Wands
 q - a wand of mindburst (18)
Scrolls
 h - 3 scrolls of identify
 i - a scroll of noise
 o - a scroll of magic mapping
 r - a scroll of amnesia
Potions
 c - a potion of degeneration {unknown}
 g - a potion of haste {unknown}
 k - a potion of curing
 n - 2 potions of heal wounds
 v - a potion of experience {unknown}
 w - 2 potions of invisibility
 x - 2 potions of cancellation
 z - a potion of brilliance {unknown}


   Skills:
 + Level 6.3 Fighting
 * Level 9.1 Axes
 - Level 2.1 Armour
 - Level 1.5 Dodging


You had 6 spell levels left.
You didn't know any spells.
Your spell library contained the following spells:

 Spells                   Type           Power      Damage    Failure   Level
 Dazzling Flash           Conj/Hex       0%         N/A       85%         3
 Gell's Gravitas          Tloc           0%         N/A       85%         3
 Lesser Beckoning         Tloc           0%         N/A       85%         3
 Teleport Other           Tloc           0%         N/A       85%         3
 Agony                    Necr           0%         N/A       100%        5
 Silence                  Hex/Air        0%         N/A       100%        5


Dungeon Overview and Level Annotations

Branches:
Dungeon (4/15)             Temple (0/1) D:4           Sewer (visited)

Altars:


Message History

You miss something. You hit the orc warrior. Something hits you.
The orc warrior hits you with a +0 mace.
You barely miss the orc warrior.
The orc warrior is heavily wounded.
You closely miss something. Something hits you but does no damage.
The orc warrior hits you with a +0 mace!
You hit the orc warrior but do no damage.
The orc warrior is heavily wounded.
You barely miss something. Something hits you but does no damage.
The orc warrior hits you but does no damage.
You barely miss the orc warrior.
The orc warrior is heavily wounded.
You barely miss something. Something hits you.
The orc warrior closely misses you.
The orc throws a boomerang.
Something hits you but does no damage.
The orc warrior hits you with a +0 mace!
You hit the orc warrior but do no damage.
The orc warrior is heavily wounded.
You hit something but do no damage.
Your skin stops crawling.
You feel less strong-willed. Something hits you.
The orc warrior hits you with a +0 mace.
You feel better. Something hits you. The orc warrior closely misses you.
The orc throws a boomerang.
The boomerang barely misses you. The orc warrior misses you.
Something hits you but does no damage.
Okay, then.
Okay, then.
You barely miss something.
You hit the orc warrior but do no damage.
Something completely misses you. The orc warrior barely misses you.
You hit something. You barely miss the orc warrior.
Something hits you but does no damage.
The orc warrior hits you with a +0 mace!
* * * LOW HITPOINT WARNING * * *
You completely miss something. Your punch misses something.
You hit the orc warrior but do no damage.
Something hits you.
* * * LOW HITPOINT WARNING * * *
The orc warrior hits you with a +0 mace!
You die...

#... #####
#... ... #..#
... #..# ..>
#. . #h# #o#
#{# #@# #
##o## ###.#
##...##
#....#
#.....#
####.##.#
##...##
##.......##
##..#
##..#≈..#..#
##.#
#...≈≈≈≈≈...
#.#
#.#≈≈≈≈≈≈≈#.
#.#
##..≈≈≈≈≈≈≈..


You could see an orc warrior, a hound and an orc.

Vanquished Creatures
  A scorpion (D:4)
  An orc priest (D:4)
  4 jellies (Sewer)
  An iguana (D:3)
  Natasha (thrice) (D:2)
  An orc wizard (D:4)
  4 river rats (Sewer)
  8 adders
  4 worms
  A dart slug (D:1)
  8 orcs
  6 bats
  16 endoplasms
  5 giant cockroaches
  7 goblins
  5 hobgoblins
  3 quokkas
  9 ball pythons
  4 frilled lizards
  8 kobolds
  11 rats
110 creatures vanquished.

Vanquished Creatures (others)
  3 plants (D:1)
3 creatures vanquished.

Grand Total: 113 creatures vanquished

Notes
Turn   | Place    | Note
-------+----------+-------------------------------------------
     0 | D:1      | omnesmortales the Hill Orc Berserker began the quest for
                  | the Orb.
     0 | D:1      | Reached XP level 1. HP: 19/19 MP: 1/1
   718 | D:1      | Reached XP level 2. HP: 27/27 MP: 2/2
  1069 | D:1      | Found a faded altar of an unknown god.
  1190 | D:1      | Reached skill level 5 in Axes
  1312 | D:1      | Reached XP level 3. HP: 26/33 MP: 3/3
  1423 | D:1      | Reached ** piety under Trog
  1773 | D:2      | Noticed Natasha
  1777 | D:2      | Killed Natasha
  1778 | D:2      | Reached XP level 4. HP: 23/41 MP: 4/4
  2094 | D:2      | Reached skill level 6 in Axes
  2404 | D:2      | Noticed Natasha
  2415 | D:2      | Killed Natasha
  2475 | D:2      | Noticed Natasha
  2482 | D:2      | Killed Natasha
  2483 | D:2      | Reached XP level 5. HP: 47/47 MP: 5/5
  2678 | D:3      | Reached skill level 5 in Fighting
  3031 | D:3      | Reached skill level 7 in Axes
  3568 | D:4      | Reached XP level 6. HP: 56/56 MP: 6/6
  3667 | D:4      | Found a staircase to the Ecumenical Temple.
  3882 | D:4      | Found a glowing drain.
  3911 | Sewer    | Entered a sewer
  3946 | Sewer    | Reached skill level 8 in Axes
  4393 | Sewer    | Reached XP level 7. HP: 61/63 MP: 7/7
  4509 | Sewer    | Found a viscous altar of Jiyva.
  4616 | Sewer    | Reached skill level 9 in Axes
  4711 | D:4      | Slain by an orc warrior

Illustrated notes

Levels and vault maps discovered:
D:1:      minmay_arrival_nine_rooms, layout_rooms,
          shapermc_ecumenical_altar_mp_vishouse, serial_bayou_lagoon_b
D:2:      layout_rooms, chequers_arboretum, uniq_natasha
D:3:      layout_loops_corners
D:4:      layout_loops_ring, minmay_temple_entry_crystal_x,
          cheibrodos_sewer_entry_drain

Skill      XL: |  1  2  3  4  5  6  7 |
---------------+----------------------+-----
Fighting       | 4 5 6 |  6.3
Axes           | 5 6 7 8 9 |  9.1
Armour         | |  2.1
Dodging        | |  1.5

Action                   |  1- 3 |  4- 6 |  7- 9 || total
-------------------------+-------+-------+-------++-------
Melee: Hand axe          |   113 |   202 |    34 ||   349
       Punch             |     1 |     1 |       ||     2
Invok: Berserk           |     1 |     4 |     1 ||     6
       Trog's Hand       |       |     4 |     1 ||     5
  Use: Scroll            |     2 |     8 |     3 ||    13
       Potion            |       |       |     1 ||     1
Armor: Animal skin       |     7 |       |       ||     7
       Leather armour    |    45 |    52 |     9 ||   106
Dodge: Dodged            |    78 |   107 |    16 ||   201

Table legend: (Time is in decaauts)
 A = Elapsed time spent in this place.
 B = Non-inter-level travel time spent in this place.
 C = Inter-level travel time spent in this place.
 D = Time resting spent in this place.
 E = Time spent auto-exploring this place.
 F = Levels seen in this place.
 G = Mean time per level.
                   A        B        C        D        E       F      G
               +--------+--------+--------+--------+--------+-----+--------+
         Total |   4803 |   4713 |     90 |   1572 |   1657 |   5 |  960.6 |
       Dungeon |   4032 |   3942 |     90 |   1229 |   1520 |   4 | 1008.0 |
         Sewer |    771 |    771 |      0 |    343 |    136 |   1 |  771.0 |
               +--------+--------+--------+--------+--------+-----+--------+

Top non-repeatable levels by time:
     D:1: 1590 daAuts
     D:3: 980 daAuts
     D:2: 973 daAuts
   Sewer: 771 daAuts
     D:4: 487 daAuts
